[Event "ICC tourney 2437 (75 10)"]
[Site "Internet Chess Club"]
[Date "2021.03.06"]
[Round "3"]
[White "SATTARU, SRITEJ SAI:FL2009"]
[Black "Wolfe, Peter:fleshlumpeater"]
[Result "1/2-1/2"]
[ICCResult "Game drawn by mutual agreement"]
[WhiteElo "1820"]
[BlackElo "1958"]
[Opening "Sicilian: Nimzovich-Rossolimo attack (with ...g6, without ...d6)"]
[ECO "B31"]
[NIC "SI.31"]
[Time "20:02:45"]
[PlyCount "109"]
[TimeControl "4500+10"]

1. e4 c5 2. Nf3 Nc6 3. Bb5 g6 4. c3 Bg7 5. O-O Nf6 6. Re1 O-O 7. d4 d5 8.
e5 Ne4 9. Nbd2 cxd4 10. Bxc6 bxc6 11. cxd4 Bf5 12. Nh4 c5 13. Nxf5 gxf5 14.
f3 Nxd2 15. Qxd2 cxd4 16. Qxd4 e6 17. Bd2 Qb6 18. Be3 Rfb8 19. Qxb6 axb6
20. Bd4 Ra4 21. Red1 Bf8 22. a3 Bc5 23. Bf2 Rc4 24. Rac1 Rc8 25. Rxc4 dxc4
26. Bxc5 Rxc5 27. f4 Rd5 28. Rc1 Rd4 29. g3 b5 30. a4 bxa4 31. Ra1 Rd2 32.
Rxa4 Rc2 33. Ra8+ Kg7 34. Rc8 Kg6 35. Rc7 Kh5 36. h3 Kg6 37. Rc8 Kg7 38.
Kh1 h5 39. Kg1 Kg6 40. Rg8+ Kh6 41. Rh8+ Kg7 42. Rc8 Kh7 43. Kh1 h4 44.
gxh4 Rxb2 45. Rxc4 Kg6 46. Rc7 Rb4 47. h5+ Kxh5 48. Rxf7 Rxf4 49. Rf6 Re4
50. Rxe6 Kg5 51. Re8 f4 52. Kg2 Kf5 53. e6 Rxe6 54. Rxe6 Kxe6 55. Kf3 {
Game drawn by mutual agreement } 1/2-1/2

[Event "ICC tourney 2437 (75 10)"]
[Site "Internet Chess Club"]
[Date "2021.03.06"]
[Round "3"]
[White "WANG, MAXWELL GEORG:MaxWang"]
[Black "YU, AVERY:Averyyu321"]
[Result "0-1"]
[ICCResult "White resigns"]
[WhiteElo "1778"]
[BlackElo "1789"]
[Opening "Sicilian"]
[ECO "B50"]
[NIC "SI.01"]
[Time "20:02:23"]
[PlyCount "102"]
[TimeControl "4500+10"]

1. e4 c5 2. Nf3 d6 3. c3 Nf6 4. Be2 g6 5. O-O Bg7 6. Re1 O-O 7. Bf1 e5 8.
d4 cxd4 9. cxd4 Qe7 10. Nc3 a6 11. Bg5 Nbd7 12. Nd5 Qd8 13. Rc1 h6 14.
Nxf6+ Nxf6 15. Bh4 Qa5 16. a3 Bg4 17. dxe5 dxe5 18. Qb3 Bxf3 19. Qxf3 Qb6
20. b4 Rac8 21. Bg3 Nh5 22. Bh4 Nf4 23. Be7 Rfe8 24. Bc5 Qf6 25. Red1 Red8
26. Rxd8+ Rxd8 27. Rd1 Nh3+ 28. Kh1 Rxd1 29. Qxd1 Nxf2+ 30. Bxf2 Qxf2 31.
Qf3 Qd4 32. Qd3 b5 33. g3 Kf8 34. Kg2 Ke7 35. Kf3 Bf6 36. Qxd4 exd4 37. a4
bxa4 38. Bxa6 Be5 39. h3 Bd6 40. Bc4 Bxb4 41. g4 a3 42. Ke2 f6 43. Kd3 Bc5
44. Bd5 Kd6 45. Ba2 Ke5 46. Kc4 Bd6 47. Kd3 Bc5 48. Kc4 Kxe4 49. Kxc5 d3
50. Bb1 Ke3 51. Kc4 d2 { White resigns } 0-1

[Event "ICC tourney 2437 (75 10)"]
[Site "Internet Chess Club"]
[Date "2021.03.07"]
[Round "4"]
[White "LEE, DANIEL:Daniel-Lee"]
[Black "LI, DAVID TONGJIA:UltimateDL"]
[Result "1-0"]
[ICCResult "Black checkmated"]
[WhiteElo "1865"]
[BlackElo "1767"]
[Opening "Sicilian: accelerated fianchetto, Maróczy bind, 6.Be3"]
[ECO "B38"]
[NIC "SI.33"]
[Time "13:02:06"]
[PlyCount "55"]
[TimeControl "4500+10"]

1. e4 c5 2. Nf3 Nc6 3. d4 cxd4 4. Nxd4 g6 5. c4 Bg7 6. Be3 Nf6 7. Nc3 O-O
8. Be2 d6 9. O-O Bd7 10. h3 Rc8 11. Rc1 Nxd4 12. Bxd4 Bc6 13. Qd3 Qa5 14.
a3 Qc7 15. f4 a6 16. Qe3 Nd7 17. Bxg7 Kxg7 18. Kh1 Nc5 19. b4 Na4 20. Nd5
Qd7 21. Qd4+ Kg8 22. Ne3 b5 23. Rf3 bxc4 24. Bxc4 Bb5 25. Nf5 e5 26. fxe5
Bxc4 27. e6 gxf5 28. Rg3# { Black checkmated } 1-0

[Event "ICC tourney 2437 (75 10)"]
[Site "Internet Chess Club"]
[Date "2021.03.07"]
[Round "4"]
[White "MARTINEZ, LAWRENCE:apachekid"]
[Black "WEN, KALLY:kwen2008"]
[Result "1-0"]
[ICCResult "Black checkmated"]
[WhiteElo "1805"]
[BlackElo "1708"]
[Opening "Pirc: Byrne variation"]
[ECO "B07"]
[NIC "PU.09"]
[Time "13:02:05"]
[PlyCount "49"]
[TimeControl "4500+10"]

1. d4 Nf6 2. Nc3 g6 3. e4 d6 4. Bg5 Bg7 5. e5 Ng8 6. f4 Nd7 7. Nf3 dxe5 8.
dxe5 c6 9. Bc4 f6 10. Bh4 Nh6 11. e6 Nb6 12. Qxd8+ Kxd8 13. Bb3 Ng8 14.
Rd1+ Kc7 15. f5 Nd5 16. Bg3+ Kb6 17. Nxd5+ cxd5 18. Bxd5 gxf5 19. b4 a5 20.
Bf2+ Kb5 21. c4+ Ka4 22. b5 Bh6 23. Bc5 Bf4 24. Rd3 Bd6 25. Ra3# { Black
checkmated } 1-0

[Event "ICC tourney 2437 (75 10)"]
[Site "Internet Chess Club"]
[Date "2021.03.07"]
[Round "4"]
[White "PULLELA, SRICHARAN:Sricharan07"]
[Black "HONG, PEARSON:PearsonH"]
[Result "1/2-1/2"]
[ICCResult "Game drawn by mutual agreement"]
[WhiteElo "1881"]
[BlackElo "1731"]
[Opening "Queen's pawn"]
[ECO "A40"]
[NIC "QO.17"]
[Time "13:02:11"]
[PlyCount "58"]
[TimeControl "4500+10"]

1. d4 e6 2. Nf3 d5 3. Bf4 Nf6 4. e3 Bd6 5. Bg3 O-O 6. Bd3 c5 7. c3 Qc7 8.
Nbd2 Nbd7 9. O-O Bxg3 10. hxg3 e5 11. dxe5 Nxe5 12. Nxe5 Qxe5 13. Nf3 Qe7
14. Re1 b6 15. Qc2 Bb7 16. Rad1 Rad8 17. Nd2 Rd6 18. Be2 Rfd8 19. Bf3 h6
20. a3 R8d7 21. Nb3 Bc6 22. Nc1 Qd8 23. Ne2 Ne4 24. Nf4 Qe7 25. Bg4 Rd8 26.
Ne2 Qe8 27. Bf3 Ng5 28. Nf4 Ne4 29. Ne2 Nf6 { Game drawn by mutual
agreement } 1/2-1/2

[Event "ICC tourney 2437 (75 10)"]
[Site "Internet Chess Club"]
[Date "2021.03.07"]
[Round "4"]
[White "JIANG, LEYOU:karuto2006"]
[Black "SATTARU, SRITEJ SAI:FL2009"]
[Result "1/2-1/2"]
[ICCResult "Game drawn by mutual agreement"]
[WhiteElo "1831"]
[BlackElo "1820"]
[Opening "Ruy Lopez: Schliemann defense"]
[ECO "C63"]
[NIC "RL.06"]
[Time "13:02:14"]
[PlyCount "35"]
[TimeControl "4500+10"]

1. e4 e5 2. Nf3 Nc6 3. Bb5 f5 4. d4 fxe4 5. Bxc6 dxc6 6. Nxe5 Nf6 7. O-O
Bd6 8. Bg5 O-O 9. Nc3 Bf5 10. Re1 h6 11. Bh4 c5 12. f4 exf3 13. Nxf3 cxd4
14. Qxd4 g5 15. Bf2 Ng4 16. Qd5+ Kh7 17. Bc5 Bg6 18. Bxd6 { Game drawn by
mutual agreement } 1/2-1/2

[Event "ICC tourney 2437 (75 10)"]
[Site "Internet Chess Club"]
[Date "2021.03.07"]
[Round "4"]
[White "Wolfe, Peter:fleshlumpeater"]
[Black "MARTINEZ, ENOCH:TheChessShark"]
[Result "1-0"]
[ICCResult "Black resigns"]
[WhiteElo "1958"]
[BlackElo "1817"]
[Opening "Queen's pawn game, Darooha variation "]
[ECO "D02"]
[NIC "QP.08"]
[Time "13:02:04"]
[PlyCount "123"]
[TimeControl "4500+10"]

1. d4 d5 2. Nf3 Nf6 3. c4 e6 4. g3 c6 5. Bg2 dxc4 6. Ne5 Bb4+ 7. Bd2 Qxd4
8. Bxb4 Qxe5 9. Nd2 Qxb2 10. Rb1 Qd4 11. e3 Qd3 12. Nxc4 Qxd1+ 13. Rxd1 Na6
14. Ba3 Nd5 15. Nd6+ Kd7 16. Nxf7 Re8 17. e4 Kc7 18. exd5 exd5+ 19. Kd2 Be6
20. Ng5 Bf5 21. Rhe1 h6 22. Nf7 Bg6 23. Nd6 Rxe1 24. Rxe1 Rd8 25. Re7+ Rd7
26. Rxd7+ Kxd7 27. Nxb7 Kc8 28. Nc5 Nc7 29. Bh3+ Kd8 30. Bb2 Ne8 31. Ne6+
Ke7 32. Nxg7 Nd6 33. Ba3 Bb1 34. Nf5+ Bxf5 35. Bxf5 Kf6 36. Bxd6 Kxf5 37.
f3 Ke6 38. Bc5 a6 39. Ke3 Ke5 40. a4 h5 41. h4 Kf5 42. Kd4 Ke6 43. g4 hxg4
44. fxg4 Kf6 45. Bd6 Ke6 46. Bf4 Kf6 47. Kc5 Kg6 48. Kxc6 d4 49. Kb6 d3 50.
Kxa6 Kf6 51. Kb7 Ke6 52. a5 Kd5 53. a6 Ke4 54. Bd2 Kf3 55. g5 Ke2 56. Bf4
Kf3 57. Bc1 Ke2 58. a7 Kd1 59. Bf4 d2 60. a8=Q Ke2 61. Bxd2 Kxd2 62. g6 {
Black resigns } 1-0

[Event "ICC tourney 2437 (75 10)"]
[Site "Internet Chess Club"]
[Date "2021.03.07"]
[Round "4"]
[White "SANE, ADWAY:adwaysane"]
[Black "SU, JASMINE ZHIXIN:chessisthebest1"]
[Result "1/2-1/2"]
[ICCResult "Game drawn by mutual agreement"]
[WhiteElo "1717"]
[BlackElo "1806"]
[Opening "Sicilian: Canal-Sokolsky attack, 3...Bd7"]
[ECO "B52"]
[NIC "SI.01"]
[Time "13:02:04"]
[PlyCount "58"]
[TimeControl "4500+10"]

1. e4 c5 2. Nf3 d6 3. Bb5+ Bd7 4. Bxd7+ Qxd7 5. d4 cxd4 6. Qxd4 Nc6 7. Qd3
e6 8. Nc3 Nf6 9. Bg5 Be7 10. O-O-O Rd8 11. Rhe1 a6 12. a3 O-O 13. Re2 Qc7
14. Bf4 Nh5 15. Qe3 Nxf4 16. Qxf4 Bf6 17. Rd3 Ne5 18. Nxe5 dxe5 19. Qg3
Rxd3 20. Qxd3 Bg5+ 21. Kb1 Rd8 22. Qf3 b5 23. Re1 Rd2 24. Rd1 Qd6 25. Rxd2
Qxd2 26. Qe2 Qd4 27. g3 g6 28. Nd1 f5 29. f3 h5 { Game drawn by mutual
agreement } 1/2-1/2

[Event "ICC tourney 2437 (75 10)"]
[Site "Internet Chess Club"]
[Date "2021.03.07"]
[Round "4"]
[White "UDOVENKO, DANIEL ALEXANDER:DanielA1926"]
[Black "CAREY, MICHAEL P:xyzchessdude"]
[Result "0-1"]
[ICCResult "White resigns"]
[WhiteElo "1764"]
[BlackElo "1953"]
[Opening "Old Benoni defense"]
[ECO "A43"]
[NIC "OI.09"]
[Time "13:02:10"]
[PlyCount "72"]
[TimeControl "4500+10"]

1. d4 c5 2. dxc5 e6 3. Nc3 Bxc5 4. e3 Nf6 5. Nf3 O-O 6. Be2 d5 7. O-O a6 8.
a3 Qc7 9. Na4 Bd6 10. b4 Nc6 11. Bb2 e5 12. h3 Rd8 13. Qc1 b5 14. Nc5 Bxc5
15. bxc5 Ne4 16. a4 b4 17. c4 d4 18. exd4 exd4 19. Re1 Nxc5 20. Nd2 Bf5 21.
Qd1 Rac8 22. Nb3 Nxb3 23. Qxb3 a5 24. Bd3 Bg6 25. Bxg6 hxg6 26. Qg3 Qxg3
27. fxg3 Re8 28. Rxe8+ Rxe8 29. Rd1 Re4 30. Kf2 f5 31. h4 Kf7 32. Rd3 Ke6
33. Rd1 Kd6 34. Rc1 Kc5 35. Rc2 Ne5 36. Rc1 Nd3+ { White resigns } 0-1

[Event "ICC tourney 2437 (75 10)"]
[Site "Internet Chess Club"]
[Date "2021.03.07"]
[Round "4"]
[White "YANG, LEO:yanje03"]
[Black "HO, CARTER:corviknight"]
[Result "0-1"]
[ICCResult "White resigns"]
[WhiteElo "1678"]
[BlackElo "1802"]
[Opening "Ruy Lopez: closed, Breyer, Borisenko variation"]
[ECO "C95"]
[NIC "RL.25"]
[Time "13:02:06"]
[PlyCount "106"]
[TimeControl "4500+10"]

1. e4 e5 2. Nf3 Nc6 3. Bb5 a6 4. Ba4 Nf6 5. O-O Be7 6. Re1 b5 7. Bb3 d6 8.
h3 O-O 9. c3 Nb8 10. d4 Nbd7 11. a4 Bb7 12. Nbd2 c5 13. d5 c4 14. Bc2 Re8
15. Nf1 Bf8 16. Ng3 g6 17. Be3 Nc5 18. Qd2 Qc7 19. Bh6 Kh8 20. Bxf8 Rxf8
21. Qh6 Ng8 22. Qe3 Qe7 23. h4 Nf6 24. Qg5 Ng8 25. Qxe7 Nxe7 26. h5 f5 27.
hxg6 hxg6 28. Ng5 f4 29. Ne2 Kg7 30. f3 Rh8 31. Kf2 Kf6 32. Nh3 g5 33. Rh1
Ng6 34. g3 Bc8 35. Kg2 fxg3 36. Kxg3 Bxh3 37. Rxh3 Nf4 38. Nxf4 gxf4+ 39.
Kh2 Rxh3+ 40. Kxh3 Rb8 41. axb5 axb5 42. Kg2 b4 43. cxb4 Rxb4 44. Ra2 Kg5
45. Kf2 Nd3+ 46. Bxd3 cxd3 47. Ke1 Kh4 48. Kd2 Kg3 49. Kxd3 Kxf3 50. Ra1
Rxb2 51. Rf1+ Kg2 52. Rc1 f3 53. Ke3 f2 { White resigns } 0-1

[Event "ICC tourney 2437 (75 10)"]
[Site "Internet Chess Club"]
[Date "2021.03.07"]
[Round "4"]
[White "CUI, YOUNG CHEUNG:WizardY"]
[Black "KARAM, ALEX:AlexandreKaram"]
[Result "0-1"]
[ICCResult "White checkmated"]
[WhiteElo "1762"]
[BlackElo "1799"]
[Opening "Sicilian: Pelikan (Lasker/Sveshnikov) variation"]
[ECO "B33"]
[NIC "SI.36"]
[Time "13:02:07"]
[PlyCount "110"]
[TimeControl "4500+10"]

1. e4 c5 2. Nf3 Nc6 3. d4 cxd4 4. Nxd4 Nf6 5. Nc3 e5 6. Ndb5 d6 7. Bg5 a6
8. Bxf6 gxf6 9. Na3 b5 10. Nd5 Bg7 11. Be2 f5 12. exf5 Bxf5 13. Bg4 Be6 14.
Bxe6 fxe6 15. Qh5+ Kd7 16. Qf7+ Ne7 17. Nf6+ Bxf6 18. Qxf6 Qa5+ 19. c3 b4
20. Nc4 Qc5 21. Qh4 Rac8 22. b3 bxc3 23. O-O Nd5 24. Rac1 Qd4 25. Qh6 Rcg8
26. Rcd1 Rxg2+ 27. Kh1 Rg6 28. Rxd4 Rxh6 29. Rg4 Rg6 30. Rxg6 hxg6 31. Rc1
Rh3 32. Kg2 Nf4+ 33. Kh1 Nd3 34. Rc2 d5 35. Na3 d4 36. Nc4 Kc6 37. a4 Kd5
38. Kg1 Nb4 39. Rc1 c2 40. Na3 d3 41. Nc4 Na2 42. Ra1 c1=Q+ 43. Rxc1 Nxc1
44. Kg2 Rh8 45. h3 Nxb3 46. Kg3 d2 47. Kg2 Kxc4 48. Kg3 d1=Q 49. Kg2 Qd3
50. f3 Rf8 51. Kg3 Qxf3+ 52. Kh4 Qh5+ 53. Kg3 Rf3+ 54. Kg2 Qxh3+ 55. Kg1
Rf1# { White checkmated } 0-1

[Event "ICC tourney 2437 (75 10)"]
[Site "Internet Chess Club"]
[Date "2021.03.07"]
[Round "4"]
[White "STEINER, ADAMSON:poohfur"]
[Black "YU, AVERY:Averyyu321"]
[Result "1-0"]
[ICCResult "Black checkmated"]
[WhiteElo "1692"]
[BlackElo "1789"]
[Opening "Sicilian: dragon, Yugoslav attack"]
[ECO "B75"]
[NIC "SI.17"]
[Time "13:02:14"]
[PlyCount "95"]
[TimeControl "4500+10"]

1. e4 c5 2. Nf3 d6 3. d4 cxd4 4. Nxd4 Nf6 5. Nc3 g6 6. f3 Bg7 7. Be3 a6 8.
Qd2 Nbd7 9. O-O-O b5 10. Bh6 Bxh6 11. Qxh6 Bb7 12. g4 Rc8 13. h4 Rxc3 14.
bxc3 Qa5 15. Kb2 Nc5 16. Ne2 Na4+ 17. Kb1 b4 18. Qg5 Qb6 19. Ka1 Bxe4 20.
fxe4 Nxe4 21. Qf4 Nf2 22. Rb1 Nxh1 23. Rxb4 Qa7 24. Rxa4 O-O 25. Qd4 Qxd4
26. Nxd4 Nf2 27. Bxa6 Nxg4 28. Ne6 fxe6 29. Rxg4 Ra8 30. Bc4 d5 31. Bb5 Kf7
32. Rf4+ Kg7 33. a4 h6 34. Kb2 g5 35. hxg5 hxg5 36. Rf1 Kg6 37. Kb3 e5 38.
Kb4 g4 39. Kc5 Rc8+ 40. Kxd5 Rxc3 41. Kxe5 Rxc2 42. Bd3+ Kg5 43. Bxc2 Kh4
44. Kf4 Kh3 45. Be4 e5+ 46. Kxe5 Kh2 47. Kf4 g3 48. Rh1# { Black checkmated
} 1-0

[Event "ICC tourney 2437 (75 10)"]
[Site "Internet Chess Club"]
[Date "2021.03.07"]
[Round "4"]
[White "RODENSTEIN, ALAN:arconsul2"]
[Black "RAM, JAIKRISHNAN:jairam09"]
[Result "0-1"]
[ICCResult "White resigns"]
[WhiteElo "1756"]
[BlackElo "1805"]
[Opening "Queen's pawn: London system"]
[ECO "A45"]
[NIC "QP.07"]
[Time "13:02:09"]
[PlyCount "62"]
[TimeControl "4500+10"]

1. d4 Nf6 2. Bf4 c5 3. d5 d6 4. c4 g6 5. Nc3 Bg7 6. e4 Nbd7 7. h3 O-O 8.
Nf3 Qb6 9. Qd2 Nh5 10. Be3 Ne5 11. Nxe5 Bxe5 12. Be2 Ng7 13. g4 Ne8 14. f4
Bg7 15. h4 Bxc3 16. Qxc3 Nf6 17. Qc2 Nxg4 18. Bd2 h5 19. Rg1 f5 20. Bxg4
fxg4 21. O-O-O Bd7 22. Rdf1 Qa6 23. b3 b5 24. cxb5 Bxb5 25. Re1 Bd3 26. Qb2
c4 27. f5 cxb3 28. axb3 Rac8+ 29. Bc3 gxf5 30. Kd2 Bxe4 31. Re3 Qb5 { White
resigns } 0-1

[Event "ICC tourney 2437 (75 10)"]
[Site "Internet Chess Club"]
[Date "2021.03.07"]
[Round "4"]
[White "Shi, Roger V V:Roger436"]
[Black "Walsh, Tim R:Telos53"]
[Result "0-1"]
[ICCResult "White resigns"]
[WhiteElo "1782"]
[BlackElo "1835"]
[Opening "Ruy Lopez: modern Steinitz defense, Rubinstein variation"]
[ECO "C75"]
[NIC "RL.11"]
[Time "13:02:08"]
[PlyCount "102"]
[TimeControl "4500+10"]

1. e4 e5 2. Nf3 Nc6 3. Bb5 a6 4. Ba4 d6 5. c3 Bd7 6. d4 Nge7 7. O-O Ng6 8.
Re1 Be7 9. Nbd2 h6 10. Nf1 Bg5 11. Ne3 Bxe3 12. fxe3 b5 13. Bb3 O-O 14. Rf1
Na5 15. Bc2 Qe7 16. b3 c5 17. Ba3 Bc6 18. Qe2 Rac8 19. Nd2 Bd7 20. Bd3 Nc6
21. Nf3 Bg4 22. Bb2 exd4 23. exd4 cxd4 24. cxd4 Nf4 25. Qd2 Nxd3 26. Qxd3
Nb4 27. Qd2 Rc2 28. Qxb4 Rxb2 29. Qc3 Re2 30. e5 Rc8 31. Qd3 Rcc2 32. Ne1
Rxa2 33. Rxa2 Rxa2 34. Qe4 Bh5 35. Nd3 Bg6 36. Qa8+ Kh7 37. Qf3 Rd2 38. Nb4
dxe5 39. Nc6 Qh4 40. Rf2 Be4 41. Qxf7 Qxf2+ 42. Qxf2 Rxf2 43. Kxf2 Bxc6 44.
dxe5 a5 45. Ke2 a4 46. bxa4 bxa4 47. Kd2 Kg6 48. g4 Kg5 49. h3 Kh4 50. e6
Kxh3 51. e7 Kxg4 { White resigns } 0-1

[Event "ICC tourney 2437 (75 10)"]
[Site "Internet Chess Club"]
[Date "2021.03.07"]
[Round "4"]
[White "SETHURAMAN, ROSHAN:TheSuperKing"]
[Black "CRISCI, THOMAS:StarWaricc"]
[Result "1-0"]
[ICCResult "Black resigns"]
[WhiteElo "1701"]
[BlackElo "1816"]
[Opening "Sicilian: Anderssen variation"]
[ECO "B41"]
[NIC "SI.41"]
[Time "13:02:05"]
[PlyCount "113"]
[TimeControl "4500+10"]

1. e4 c5 2. Nf3 e6 3. d4 cxd4 4. Nxd4 Nf6 5. Nc3 Nc6 6. Be3 Bb4 7. Bd3 d5
8. Nxc6 bxc6 9. exd5 cxd5 10. O-O O-O 11. Ne2 h6 12. c3 Bd6 13. h3 Bb7 14.
Qb3 Qc7 15. Nd4 a6 16. a4 Nd7 17. Qc2 Nc5 18. b4 Nxd3 19. Qxd3 Rfc8 20.
Rac1 Qd7 21. a5 Be5 22. Nb3 Bc6 23. Nc5 Qe8 24. Rfd1 Bb5 25. Qd2 Qe7 26.
Bf4 Bxf4 27. Qxf4 Rc6 28. Qe3 Rd8 29. Rd4 e5 30. Re1 f6 31. Rg4 Kh8 32. f4
f5 33. Rg3 e4 34. Qd4 Qf6 35. Kh2 Qxd4 36. cxd4 Kh7 37. h4 Rg6 38. Ree3
Rdd6 39. h5 Rxg3 40. Rxg3 Be8 41. Rh3 Kg8 42. Kg3 Kf8 43. Kf2 Ke7 44. Ke3
Rf6 45. Rh4 Kd8 46. g4 Bb5 47. g5 Rf7 48. gxh6 gxh6 49. Rh3 Ke7 50. Rg3 Rf6
51. Rg7+ Kd6 52. Nb7+ Ke6 53. Nc5+ Kd6 54. Rg8 Ke7 55. Rb8 Ba4 56. Nxa4 Rc6
57. Nc5 { Black resigns } 1-0

[Event "ICC tourney 2437 (75 10)"]
[Site "Internet Chess Club"]
[Date "2021.03.07"]
[Round "4"]
[White "CHAMPSI, IMRAN:imranchamp"]
[Black "ZHENG, CARISSA ANGELA:bg26723"]
[Result "0-1"]
[ICCResult "White checkmated"]
[WhiteElo "1813"]
[BlackElo "1868"]
[Opening "Caro-Kann: advance variation"]
[ECO "B12"]
[NIC "CK.04"]
[Time "13:02:08"]
[PlyCount "104"]
[TimeControl "4500+10"]

1. e4 c6 2. d4 d5 3. e5 Bf5 4. h4 h5 5. c4 e6 6. Nc3 Bb4 7. cxd5 Qxd5 8.
Nf3 Ne7 9. Bd2 Qd8 10. Be2 Bg4 11. a3 Ba5 12. Ne4 Nf5 13. Bc3 Qd5 14. Ned2
Bb6 15. Bc4 Bxf3 16. Qxf3 Qd7 17. Nb3 Na6 18. O-O-O O-O-O 19. Nc5 Qe8 20.
Nxa6 bxa6 21. Bxa6+ Kc7 22. Qe4 Qd7 23. Rd2 Qd5 24. Qxd5 Rxd5 25. Bc4 Rd7
26. g3 Nxd4 27. Rhd1 Rhd8 28. f4 g6 29. Bxd4 Bxd4 30. Kc2 Bf2 31. g4 hxg4
32. f5 g3 33. Bd3 Rxd3 34. Rxd3 Rxd3 35. Kxd3 g2 36. h5 gxh5 37. fxe6 fxe6
38. Ke2 g1=Q 39. Rxg1 Bxg1 40. Kf1 Bd4 41. Kg2 Bxe5 42. Kh3 Bxb2 43. Kh4 c5
44. Kxh5 c4 45. Kg6 c3 46. Kf6 c2+ 47. Kxe6 c1=Q 48. Kd5 Qd1+ 49. Kc4 Qd4+
50. Kb5 Kb7 51. a4 a6+ 52. Ka5 Bc3# { White checkmated } 0-1

[Event "ICC tourney 2437 (75 10)"]
[Site "Internet Chess Club"]
[Date "2021.03.07"]
[Round "5"]
[White "LI, DAVID TONGJIA:UltimateDL"]
[Black "PULLELA, SRICHARAN:Sricharan07"]
[Result "1-0"]
[ICCResult "Black resigns"]
[WhiteElo "1767"]
[BlackElo "1881"]
[Opening "French: advance, Paulsen attack"]
[ECO "C02"]
[NIC "FR.03"]
[Time "16:32:19"]
[PlyCount "47"]
[TimeControl "4500+10"]

1. e4 e6 2. d4 d5 3. e5 c5 4. c3 Nc6 5. Nf3 Qb6 6. Be2 Bd7 7. O-O Nge7 8.
dxc5 Qxc5 9. Be3 Qa5 10. Nbd2 Ng6 11. c4 dxc4 12. Nxc4 Qc7 13. Rc1 Be7 14.
h4 O-O 15. h5 Nh4 16. Nxh4 Bxh4 17. h6 Rfd8 18. Nd6 Qb8 19. Bf4 Nb4 20.
hxg7 Nd5 21. Rc4 Be7 22. Bd3 Bxd6 23. Bxh7+ Kxg7 24. Qg4+ { Black resigns }
1-0

[Event "ICC tourney 2437 (75 10)"]
[Site "Internet Chess Club"]
[Date "2021.03.07"]
[Round "5"]
[White "HONG, PEARSON:PearsonH"]
[Black "Shi, Roger V V:Roger436"]
[Result "0-1"]
[ICCResult "White resigns"]
[WhiteElo "1731"]
[BlackElo "1782"]
[Opening "Queen's pawn: London system"]
[ECO "A45"]
[NIC "QP.07"]
[Time "16:31:24"]
[PlyCount "102"]
[TimeControl "4500+10"]

1. d4 Nf6 2. Bf4 g6 3. Nc3 d5 4. e3 Bg7 5. h4 h5 6. Nf3 O-O 7. Be2 Re8 8.
O-O a6 9. Ne5 Nbd7 10. Bf3 c6 11. e4 dxe4 12. Nxe4 Nd5 13. Bg3 Nxe5 14.
dxe5 Qb6 15. c4 Nc7 16. Qe2 Bf5 17. Rfd1 Ne6 18. b3 Nd4 19. Qe3 Nxf3+ 20.
gxf3 Qxe3 21. fxe3 Bxe4 22. fxe4 Rad8 23. Kf2 e6 24. Rac1 Bf8 25. Bf4 Be7
26. Kg3 Rxd1 27. Rxd1 Rd8 28. Rxd8+ Bxd8 29. Bh6 Bc7 30. Kf4 f6 31. Kf3
Bxe5 32. Kg2 Bd6 33. Bf4 e5 34. Bg3 Kf7 35. Kf3 Ke6 36. Be1 f5 37. exf5+
gxf5 38. e4 f4 39. Bf2 Bb4 40. c5 a5 41. Ke2 Kd7 42. Kd3 Kc8 43. a4 Kb8 44.
Kc2 Ka7 45. Kd3 Ka6 46. Kc2 b6 47. cxb6 c5 48. Kd3 Kxb6 49. Kc2 Kc6 50. Kd3
Ba3 51. Kc2 c4 { White resigns } 0-1

[Event "ICC tourney 2437 (75 10)"]
[Site "Internet Chess Club"]
[Date "2021.03.07"]
[Round "5"]
[White "CAREY, MICHAEL P:xyzchessdude"]
[Black "MARTINEZ, LAWRENCE:apachekid"]
[Result "1-0"]
[ICCResult "Black resigns"]
[WhiteElo "1953"]
[BlackElo "1805"]
[Opening "English opening"]
[ECO "A05"]
[NIC "QP.11"]
[Time "16:31:28"]
[PlyCount "45"]
[TimeControl "4500+10"]

1. Nf3 Nf6 2. c4 e6 3. g3 Nc6 4. Bg2 d5 5. d4 dxc4 6. O-O Rb8 7. a4 Na5 8.
Nbd2 c5 9. Qc2 cxd4 10. Nxc4 Qc7 11. Bf4 Qxc4 12. Qxc4 Nxc4 13. Bxb8 d3 14.
exd3 Nxb2 15. Ne5 Nd7 16. Rfc1 Nxe5 17. Rxc8+ Kd7 18. Rac1 Nc6 19. Rc7+ Kd8
20. Bxc6 bxc6 21. R7xc6 Ke7 22. Be5 Nxd3 23. Rc7+ { Black resigns } 1-0

[Event "ICC tourney 2437 (75 10)"]
[Site "Internet Chess Club"]
[Date "2021.03.07"]
[Round "5"]
[White "MARTINEZ, ENOCH:TheChessShark"]
[Black "YANG, LEO:yanje03"]
[Result "1-0"]
[ICCResult "Black checkmated"]
[WhiteElo "1817"]
[BlackElo "1678"]
[Opening "French: Albin-Alekhine-Châtard attack"]
[ECO "C13"]
[NIC "FR.06"]
[Time "16:31:25"]
[PlyCount "103"]
[TimeControl "4500+10"]

1. d4 Nf6 2. Nc3 d5 3. Bg5 e6 4. e4 Be7 5. e5 Nfd7 6. h4 Bxg5 7. hxg5 a6 8.
Qg4 Nc6 9. O-O-O Nb6 10. Bd3 g6 11. Nf3 Nb4 12. Qf4 Bd7 13. Nh2 Bc6 14. Ng4
Nxd3+ 15. Rxd3 Nd7 16. Rf3 Qe7 17. Nh6 O-O-O 18. Ng4 b6 19. a3 Kb7 20. Na2
a5 21. Kb1 Bb5 22. Ne3 Be2 23. Rfh3 Nf8 24. Rc1 Nd7 25. c4 Bd3+ 26. Ka1
Bxc4 27. Nxc4 dxc4 28. Rxc4 c6 29. Rhc3 Nb8 30. b4 a4 31. b5 cxb5 32. Rc7+
Qxc7 33. Rxc7+ Kxc7 34. Qxf7+ Rd7 35. Qxe6 Rxd4 36. Nb4 Rhd8 37. Qf7+ R8d7
38. Qf3 Rd1+ 39. Kb2 R1d4 40. e6 Rd8 41. e7 Re8 42. Nd5+ Kd6 43. Qf7 Rc8
44. e8=N+ Ke5 45. f4+ Ke4 46. Nd6+ Kd3 47. Nxc8 Ke2 48. Qe6+ Kd3 49. Qe3+
Kc4 50. Ncxb6+ Kc5 51. Qe7+ Kc6 52. Qc7# { Black checkmated } 1-0

[Event "ICC tourney 2437 (75 10)"]
[Site "Internet Chess Club"]
[Date "2021.03.07"]
[Round "5"]
[White "SU, JASMINE ZHIXIN:chessisthebest1"]
[Black "STEINER, ADAMSON:poohfur"]
[Result "1-0"]
[ICCResult "Black resigns"]
[WhiteElo "1806"]
[BlackElo "1692"]
[Opening "Giuoco Piano"]
[ECO "C54"]
[NIC "IG.02"]
[Time "16:31:25"]
[PlyCount "71"]
[TimeControl "4500+10"]

1. e4 e5 2. Nf3 Nc6 3. Bc4 Bc5 4. c3 Nf6 5. d3 d6 6. O-O a6 7. a4 Ba7 8.
Nbd2 h6 9. Re1 Bg4 10. Nf1 Qd7 11. h3 Be6 12. Bxe6 fxe6 13. Ng3 O-O-O 14.
b4 Ne7 15. b5 a5 16. d4 Qe8 17. Qb3 Ng6 18. Ba3 exd4 19. cxd4 e5 20. d5 Nf4
21. Rac1 Bb6 22. Rc2 Kb8 23. Bc1 N6h5 24. Nxh5 Nxh5 25. Be3 g5 26. Bxb6
cxb6 27. Qe3 Ka7 28. Nd2 Rc8 29. Rec1 Qd7 30. Nc4 Rc5 31. Nxb6 Qc7 32. Rxc5
dxc5 33. Nc4 b6 34. d6 Qd8 35. Nxe5 Qf6 36. Nc6+ { Black resigns } 1-0